AoeStats
← [GDL] HANNIBAL

Arabia

508594391Analyzed
4v4 RM · 10d ago on Sep 23, 2026· 17m 23s· 8 players
Game mode
Random Map
Map size
Large (8 player)
Population
200
Speed
Normal
Resources
Standard
Victory
Conquest
Starting age
Dark Age
Ending age
Imperial Age
RankedLock teamsTeams togetherTeam positionsShared explorationLock speedFull tech treeHidden civsTurbo modeCheats
Victory
Defeat
🇦🇷 Britons · Argentina
1575
+9
1500
+12
🇲🇽 Varangians · Mexico
1486
+13
🇦🇷 Danes · Argentina
1392
+17
🇲🇽 Huns · Mexico
1488
-16
🇦🇺 Persians · Australia
1431
-13
🇲🇽 Berbers · Mexico
1391
-12
🇦🇷 Ethiopians · Argentina
1354
-10
NestorAoe
5:29 Loom
8:55 Feudal Age
10:43 Fletching
[GDL] HANNIBAL
7:19 Loom
9:34 Feudal Age
11:15 Horse Collar
vectorJ
5:59 Loom
8:38 Feudal Age
9:19 Double-Bit Axe
BocaJuniorsElMasGrande
2:47 Loom
3:34 Loom
4:47 Loom
5:38 Loom
9:09 Feudal Age
9:13 Loom
15:10 Fletching
16:02 Double-Bit Axe
CORP_RELP77
6:16 Loom
8:43 Feudal Age
9:25 Double-Bit Axe
10:12 Horse Collar
15:25 Bloodlines
18:25 Wheelbarrow
AxD | Keiokenkun-Uno-Puro
1:23 Loom
9:41 Feudal Age
9:56 Man-at-Arms
10:23 Arson
10:56 Double-Bit Axe
11:12 Town Watch
15:05 Fletching
CORP_Solano
6:48 Loom
9:42 Feudal Age
14:58 Double-Bit Axe
16:46 Fletching
CORP_ Zata
8:04 Feudal Age
8:39 Loom
8:55 Double-Bit Axe
10:25 Horse Collar
Connection lost

Rejoining the realm…

Still unreachable

The connection could not be restored.

Session expired

The server has moved on; the page needs a fresh start.